 Dungeon Crawl Stone Soup version 0.29-a0-668-g12ee2bf84d (webtiles) character file.

Game seed: 2080001816217401009

139429 buhh the Warrior (level 17, -5/139 HPs)
             Began as a Formicid Hunter on June 23, 2022.
             Was a High Priest of Hepliaklqana.
             Constricted to death by a shambling mangrove (17 damage)
             ... on level 2 of the Swamp.
             The game lasted 01:54:03 (34595 turns).

buhh the Warrior (Formicid Hunter)                 Turns: 34595, Time: 01:54:04

Health: -5/139     AC:  8    Str: 16    XL:     17   Next: 88%
Magic:  24/25      EV: 14    Int: 15    God:    Hepliaklqana [*****.]
Gold:   976        SH: 13    Dex: 25    Spells: 20/22 levels left

rFire   + + .      SeeInvis +   y - +3 triple crossbow (chaos)
rCold   + . .      Faith    .   p - +3 buckler {reflect}
rNeg    . . .      Spirit   .   b - +3 leather armour {rF+}
rPois   .          Reflect  +   (helmet unavailable)
rElec   .          Harm     .   c - scarf {rC+ rF+}
rCorr   .          Rampage  .   S - +0 pair of gloves
Will    ++...                   (no boots)
Stlth   ++........              M - amulet of reflection
HPRegen 0.33/turn               T - ring of willpower
MPRegen 0.19/turn               u - +6 ring of dexterity

@: mighty, grasped by roots, constricted, studying Slings, very slow
A: reduced essence, permanent stasis, dig shafts and tunnels, antennae 3, four
strong arms
a: Dig, Shaft Self, Renounce Religion, Recall Ancestor, Ancestor Identity,
Transference, Idealise


You were on level 2 of the Swamp.
You worshipped Hepliaklqana.
Hepliaklqana was extremely pleased with you.
You visited 6 branches of the dungeon, and saw 27 of its levels.
You also visited: Sewer, Gauntlet and Volcano.

You collected 2524 gold pieces.
You spent 1548 gold pieces at shops.

Inventory:

Hand Weapons
 h - a +4 arbalest of electrocution
 y - a +3 triple crossbow of chaos (weapon)
Missiles
 j - 5 curare-tipped darts
 o - 9 atropa-tipped darts
 q - 64 poisoned darts
Armour
 b - a +3 leather armour of fire resistance (worn)
 c - a scarf of resistance (worn)
 p - a +3 buckler of reflection (worn)
 z - a +0 cloak of willpower
 S - a +0 pair of gloves (worn)
Jewellery
 a - a ring of poison resistance
 n - a ring of positive energy
 u - a +6 ring of dexterity (right hand)
 w - a ring of willpower
 E - a ring of magical power
 M - an amulet of reflection (around neck)
 T - a ring of willpower (left hand)
Wands
 d - a wand of iceblast (24)
 e - a wand of flame (25)
 m - a wand of light (5)
 t - a wand of polymorph (10)
 v - a wand of digging (12)
 x - a wand of mindburst (25)
 G - a wand of paralysis (11)
Scrolls
 g - 3 scrolls of identify {!d}
 i - 2 scrolls of vulnerability
 A - 2 scrolls of poison
 P - 3 scrolls of magic mapping {!r!d}
 Q - 8 scrolls of fog
 R - a scroll of torment
 X - 6 scrolls of amnesia
 Z - a scroll of enchant armour
Potions
 f - 8 potions of might
 k - 8 potions of flight
 l - a potion of lignification {!d}
 s - 4 potions of attraction
 B - 13 potions of ambrosia {!q!d}
 H - 2 potions of invisibility {!q!d}
 J - 5 potions of magic {!q!d}
 K - 4 potions of brilliance {!q!d}
 L - 5 potions of resistance {!q!d}
 U - a potion of mutation {!d}
 V - 2 potions of cancellation {!q!d}
Miscellaneous
 D - a condenser vane


   Skills:
 - Level 20.0 Fighting
 * Level 16.4 Crossbows
 - Level 6.0 Armour
 - Level 7.0 Dodging
 - Level 4.0 Stealth
 - Level 3.0 Spellcasting
 - Level 10.0 Transmutations
 - Level 11.0 Earth Magic
 - Level 11.0 Invocations
 - Level 5.0 Evocations


You had 20 spell levels left.
You knew the following spells:

 Your Spells              Type           Power      Damage    Failure   Level
a - Wereblood             Tmut           32%        N/A       1%          2

Your spell library contained the following spells:

 Spells                   Type           Power      Damage    Failure   Level
 Beastly Appendage        Tmut           64%        N/A       1%          1
 Lee's Rapid Deconstruct  Erth           17%        3d12*     9%          5
 Spider Form              Tmut/Pois      17%        N/A       12%         3
 Blade Hands              Tmut           16%        N/A       14%         5
 Ignite Poison            Fire/Tmut/Pois 12%        N/A       24%         3
 Apportation              Tloc           4%         N/A       30%         1
 Necrotize                Necr           8%         1d4       30%         1
 Summon Small Mammal      Summ           8%         N/A       30%         1
 Leda's Liquefaction      Hex/Erth       9%         N/A       30%         4
 Scorch                   Fire           4%         2d5       41%         2
 Statue Form              Tmut/Erth      22%        N/A       52%         6
 Confusing Touch          Hex            2%         N/A       65%         3
 Conjure Flame            Conj/Fire      2%         6-21      65%         3
 Lesser Beckoning         Tloc           2%         N/A       65%         3
 Portal Projectile        Hex/Tloc       4%         N/A       65%         3
 Summon Guardian Golem    Hex/Summ       2%         N/A       65%         3
 Tukima's Dance           Hex            2%         N/A       65%         3
 Flame Wave               Conj/Fire      2%         2d4       96%         4
 Olgreb's Toxic Radiance  Pois           2%         N/A       96%         4
 Sticky Flame             Conj/Fire      2%         2d3       96%         4
 Summon Mana Viper        Hex/Summ       2%         N/A       100%        5
 Conjure Ball Lightning   Conj/Air       1%         3x3d6     100%        6
 Summon Cactus Giant      Summ           1%         N/A       100%        6
 Discord                  Hex            1%         N/A       100%        8
 Disjunction              Tloc           1%         N/A       100%        8


Dungeon Overview and Level Annotations

Branches:
Dungeon (15/15) Zot: 24270  Temple (1/1) D:4 Zot: 5967    Lair (6/6) D:9 Zot: 23159
  Swamp (2/4) Lair:3 Zot: 10267  Spider (1/4) Lair:4 Zot: 5144   Slime (0/5) Lair:6
    Orc (2/2) D:10 Zot: 10719     Elf (0/3) Orc:2        Vaults (0/5) D:14
 Depths (0/4) D:15          Sewer (visited)         Volcano (visited)
Gauntlet (visited)

Altars:
Ashenzari
Cheibriados
Dithmenos
Fedhas
Hepliaklqana
Kikubaaqudgha
Makhleb
Nemelex Xobeh
Okawaru
Qazlal
Ru
Sif Muna
Vehumet
Wu Jian
Yredelemnul
Zin
The Shining One

Shops:
D:2 =?!   D:6 (   D:13 :=*[   Orc:1 ?   Orc:2 ([

Portals:
Trove: D:12 (give flail of Infinite Pain)

Annotations:
D:7 3 runed translucent doors, buhh's ghost, amateur FoHu
D:11 exclusion: boulder beetle
D:13 3 runed translucent doors, exclusion: 3 doors, Jorgrun
Lair:1 2 transporters, samgaumpmail's ghost, journeyman TrFi
Lair:6 1 exclusion
Orc:2 Rupert


Innate Abilities, Weirdness & Mutations

Your life essence is reduced to manifest your ancestor. (-10% HP)
You cannot be hasted, slowed, berserked, paralysed or teleported.
You can dig through walls and to a lower floor.
You have a pair of large antennae on your head. (SInv)
Your four strong arms can wield two-handed weapons with a shield.


Message History

Press: ? - help, Q - select action, (/) - cycle Shift-Dir - straight line, f - eleionoma
Aim: an eleionoma (severely wounded, ally target, 76% to hit)
You shoot a bolt. The bolt hits the eleionoma!!
You kill the eleionoma!
You are no longer corroded.
You enter the shallow water.
Moving in this stuff is going to be slow.
You enter the shallow water.
Moving in this stuff is going to be slow.
A bunyip comes into view.
The bunyip gives a hideous shriek!
A shambling mangrove comes into view.
You swap places.
Amurritum loses the glow of perfection.
Amurritum blocks the bunyip's attack.
The bunyip claws Amurritum!!
The bunyip claws Amurritum.
Roots burst forth from the earth!
The grasping roots grab you! The grasping roots constrict you!
* * * LOW HITPOINT WARNING * * *
Amurritum hits the bunyip with a +0 broad axe of flaming!
Amurritum burns the bunyip.
Amurritum hits the bunyip with a +0 broad axe of flaming.
Amurritum burns the bunyip.
The grasping roots constrict you!!
* * * LOW HITPOINT WARNING * * *
Really quaff
N - a potion of curing {!q!d}?
You feel better.
Amurritum hits the bunyip with a +0 broad axe of flaming.
Amurritum burns the bunyip.
Shoot: y) +3 triple crossbow (chaos)
Press: ? - help, Q - select action, (/) - cycle Shift-Dir - straight line, f - bunyip
Aim: a bunyip (thin mist, moderately wounded, ally target, 76% to hit)
You shoot a bolt. Amurritum avoids your attack.
The bolt hits the bunyip!!!
The bunyip is almost dead.
The grasping roots constrict you.
* * * LOW HITPOINT WARNING * * *
Amurritum hits the bunyip with a +0 broad axe of flaming!
Amurritum burns the bunyip.
The bunyip dies!
The grasping roots constrict you!
You die...

*******≈,,≈≈...♣♣...≈♣*,,,≈≈≈**
*≈,≈,,,≈≈≈≈≈≈.≈≈♣≈..≈♣♣*,,,***
*,≈≈,.≈≈≈..≈≈≈.≈♣...≈≈**≈,,*
*≈≈≈≈≈≈≈≈≈.≈≈≈...<≈!.♣♣♣****
*,≈≈≈≈$....≈≈≈≈=≈≈≈≈≈.≈♣♣♣
**≈≈*§≈≈.≈≈≈≈≈≈≈≈§≈†.≈≈≈.♣ *
*≈,,≈≈≈≈.≈≈≈≈≈≈≈≈§≈..≈≈.≈♣ *
*≈,,,.§≈.≈≈≈≈≈≈≈.≈§<....♣* *
**,,,...≈≈§≈≈≈@≈....♣♣♣..♣* **
*,^,*....≈≈≈≈§§..♣♣♣♣ *,,,* *,
*,,,,....≈≈≈≈§≈♣≈♣*** **,,* *,
*,*,∩.#..§≈R§≈≈.♣..,* **** *≈
*,,,,..?≈≈f≈≈≈≈≈..≈$♣ ******
***,*..≈..≈≈≈≈≈.....♣ *,,*
*,,....≈≈≈≈...≈♣♣≈♣** *,≈*
**≈.≈≈.§≈§≈♣..♣♣*≈≈≈** *≈**
**≈...≈≈≈≈..♣..,,≈≈≈,***>***


You could see the friendly Amurritum the knight and a shambling mangrove.

Vanquished Creatures
  A sphinx (D:11)
  An orc warlord (Orc:2)
  4 eleionomae
  Fannar (D:10)
  3 boulder beetles
  8 hydras
  Erolcha (D:12)
  3 catoblepae
  An ogre mage (D:15)
  5 two-headed ogres
  2 dancing weapons (D:14)
  3 alligators (Swamp:1)
  2 centaur warriors
  5 tengu warriors
  4 orc high priests (Orc:2)
  2 death yaks
  Sonja (Lair:6)
  4 skeletal warriors
  A spriggan (Swamp:1)
  A pharaoh ant (Spider:1)
  3 steelbarb worms (Spider:1)
  A spark wasp zombie (D:15)
  2 swamp dragons (Swamp:1)
  3 deep elf pyromancers
  A necromancer (D:15)
  3 lindwurms
  3 wizards
  An orc sorcerer (Orc:2)
  An orc knight (Orc:2)
  3 ugly things
  2 cyclopes
  A moth of wrath (shapeshifter) (D:15)
  9 elephants
  2 wolf spiders (Spider:1)
  A toenail golem (Volcano)
  A moth of wrath (Spider:1)
  2 fire giant skeletons (D:15)
  3 black mambas (Lair:2)
  2 torpor snails
  9 cane toads
  2 molten gargoyles (Volcano)
  3 rime drakes
  2 unseen horrors
  A kobold demonologist (D:11)
  2 efreet
  8 komodo dragons
  2 demonic crawlers (Spider:1)
  A tengu conjurer (D:8)
  2 tyrant leeches (Swamp:1)
  2 hornets (Swamp:1)
  A meliai (shapeshifter) (D:15)
  3 polar bears
  5 meliai
  2 queen bees (Lair:5)
  5 trolls
  A wind drake (shapeshifter) (D:14)
  10 blink frogs
  7 tarantellas
  3 slime creatures (D:12)
  Grinder (D:4)
  3 jumping spiders (Spider:1)
  Sigmund (D:3)
  7 culicivoras
  A water elemental (D:12)
  A shadow (D:12)
  A vampire (D:12)
  A hog (Lair:6)
  5 wraiths
  38 yaks
  5 wyverns
  6 basilisks
  A fire elemental (D:14)
  A steam dragon (D:8)
  9 redbacks (Spider:1)
  A human (shapeshifter) (D:14)
  Grum (D:11)
  2 wargs (Orc:2)
  9 vampire mosquitoes
  4 swamp worms (Swamp:1)
  2 acid dragons
  17 water moccasins
  A hell hound (Lair:6)
  A black bear (Lair:2)
  16 orc warriors
  3 swamp drakes
  5 ogres
  16 wolves
  8 centaurs
  3 phantoms
  5 kobold brigands
  7 bullfrogs
  An earth elemental (Volcano)
  2 scorpions
  6 wights
  54 killer bees
  6 howler monkeys
  A hound (D:4)
  5 orc priests
  3 gnoll shamans
  2 jellies
  Jessica (D:2)
  Ijyb (D:4)
  Terence (D:2)
  11 orc wizards
  Robin (D:3)
  11 adders
  5 gnolls
  A shadow imp (D:8)
  5 worms
  3 dart slugs
  41 orcs
  4 endoplasms
  4 giant cockroaches
  15 goblins
  10 hobgoblins
  3 quokkas
  8 ball pythons
  7 bats
  7 frilled lizards
  26 kobolds
  7 rats
602 creatures vanquished.

Vanquished Creatures (collateral kills)
  Kirke (Lair:6)
  An emperor scorpion (Spider:1)
  An entropy weaver (Lair:4)
  A bunyip (Swamp:2)
  Josephine (D:15)
  A fire dragon (Lair:3)
  Harold (Lair:1)
  2 jorogumos (Spider:1)
  6 hydras
  3 centaur warriors
  An alligator (Swamp:2)
  3 two-headed ogres
  7 death yaks
  Urug (D:10)
  An orc high priest (Orc:2)
  A goliath frog (Swamp:2)
  3 skeletal warriors
  A steelbarb worm (Spider:1)
  A deep elf pyromancer (D:15)
  A lindwurm (Lair:5)
  3 orc knights (Orc:2)
  5 orc sorcerers (Orc:2)
  A phantasmal warrior (D:15)
  3 ugly things
  2 wolf spiders
  A cyclops (D:8)
  A stone giant zombie (D:15)
  5 elephants
  A black mamba (Lair:5)
  2 molten gargoyles (Volcano)
  2 rime drakes (Lair:6)
  5 cane toads
  An efreet (D:14)
  2 kobold demonologists
  6 komodo dragons
  2 demonic crawlers (Spider:1)
  A guardian mummy (D:15)
  3 trolls
  2 meliai (Lair:5)
  2 polar bears
  2 hornets (Swamp:1)
  A tyrant leech (Swamp:1)
  2 tarantellas (Spider:1)
  A slime creature (D:12)
  A dream sheep (Lair:6)
  2 blink frogs
  A vampire (D:14)
  2 wyverns
  A culicivora (Spider:1)
  2 spriggans (Swamp:1)
  2 wraiths
  22 yaks
  A steam dragon (D:7)
  A warg (Orc:2)
  5 redbacks (Spider:1)
  2 vampire mosquitoes
  A swamp worm (Swamp:1)
  7 water moccasins
  7 orc warriors
  A sky beast (D:7)
  A black bear (D:7)
  5 wolves
  2 ogres
  4 centaurs
  2 kobold brigands
  2 bullfrogs
  A phantom (D:5)
  A necrophage (D:8)
  A scorpion (D:5)
  3 wights
  A jelly (D:6)
  19 killer bees
  3 howler monkeys
  An electric eel (Lair:3)
  An orc priest (D:7)
  A hound (D:6)
  An iguana (D:5)
  An orc wizard (Orc:2)
  2 gnolls (D:8)
  A river rat (Sewer)
  3 adders
  17 orcs
  6 kobolds
231 creatures vanquished.

Vanquished Creatures (others)
  A spriggan druid (Swamp:1)
  A bloated husk (Swamp:1)
  A spriggan (Swamp:1)
  A human (Lair:6)
  9 knights
  An ancestor (D:6)
  A hobgoblin (D:3)
  37 fungi
  44 plants
  12 withered plants (D:15)
108 creatures vanquished.

Grand Total: 941 creatures vanquished

Notes
Turn   | Place    | Note
-------+----------+-------------------------------------------
     0 | D:1      | buhh the Formicid Hunter began the quest for the Orb.
     0 | D:1      | Reached XP level 1. HP: 16/16 MP: 1/1
   118 | D:1      | Reached XP level 2. HP: 23/23 MP: 2/2
   329 | D:1      | Found a faded altar of an unknown god.
   359 | D:1      | Reached XP level 3. HP: 28/28 MP: 3/3
   655 | D:2      | Noticed Terence
   915 | D:2      | Found Jetolle's Magic Scroll Boutique.
   923 | D:2      | Bought a scroll of fear for 49 gold pieces
  1009 | D:2      | Found Ximmumam's Jewellery Shoppe.
  1170 | D:2      | Killed Terence
  1171 | D:2      | Reached XP level 4. HP: 12/34 MP: 4/4
  1625 | D:2      | Found Utizi's Distillery.
  1797 | D:3      | Noticed Robin
  1897 | D:3      | Noticed Jessica
  1904 | D:3      | Noticed Sigmund
  1929 | D:2      | Killed Jessica
  1930 | D:2      | Reached XP level 5. HP: 38/39 MP: 5/5
  1985 | D:3      | Noticed Grinder
  2217 | D:4      | Found a staircase to the Ecumenical Temple.
  2217 | D:4      | Noticed Ijyb
  2223 | D:4      | Killed Ijyb
  2732 | D:4      | Reached XP level 6. HP: 46/46 MP: 6/6
  2857 | D:4      | Found a snail-covered altar of Cheibriados.
  3316 | Temple   | Entered the Ecumenical Temple
  3342 | Temple   | Became a worshipper of Hepliaklqana the Forgotten
  3402 | D:4      | Killed Grinder
  3403 | D:4      | Reached XP level 7. HP: 25/51 MP: 7/7
  3615 | D:3      | Killed Sigmund
  4347 | D:3      | Killed Robin
  4686 | D:5      | Entered Level 5 of the Dungeon
  4915 | D:5      | Reached skill level 3 in Fighting
  4969 | D:5      | Reached XP level 8. HP: 58/58 MP: 8/8
  5000 | D:5      | Reached * piety under Hepliaklqana
  5217 | D:5      | Reached skill level 4 in Fighting
  5432 | D:5      | Found a shadowy altar of Dithmenos.
  5438 | D:5      | Reached skill level 5 in Fighting
  5704 | D:5      | Identified the +7 spear "Jellybane" {vorpal, rC+ rCorr
                  | Int+2 Dex+2}
  5961 | D:6      | Found a glowing golden altar of the Shining One.
  6014 | D:6      | Noticed a yak
  6014 | D:6      | Noticed a yak
  6015 | D:6      | Noticed a yak
  6016 | D:6      | Noticed a yak
  6099 | D:6      | Reached skill level 6 in Fighting
  6130 | D:6      | Reached ** piety under Hepliaklqana
  6134 | D:6      | Remembered your ancestor Amurritum as a knight
  6149 | D:6      | Reached XP level 9. HP: 63/63 MP: 9/9
  6319 | D:6      | Found a glowing drain.
  6329 | Sewer    | Entered a sewer
  7378 | D:6      | Reached skill level 11 in Crossbows
  7630 | D:6      | Found Laavum Jeoqi's Weapon Shoppe.
  7732 | D:6      | Found a sacrificial altar of Ru.
  7733 | D:6      | Found an ancient bone altar of Kikubaaqudgha.
  7734 | D:6      | Found an ornate altar of the Wu Jian Council.
  7748 | D:6      | Found a shimmering blue altar of Sif Muna.
  7920 | D:7      | Reached XP level 10. HP: 69/69 MP: 10/10
  8117 | D:7      | Found a broken altar of Ashenzari.
  8454 | D:7      | Reached *** piety under Hepliaklqana
  8603 | D:7      | Found a runed translucent gate.
  8605 | D:7      | Found a runed translucent gate.
  8605 | D:7      | Found a runed translucent gate.
  8606 | D:7      | Noticed buhh's ghost (amateur FoHu)
  9418 | D:8      | Noticed a cyan ugly thing
  9438 | D:8      | You fall into a shaft and drop 1 floor!
  9488 | D:9      | Found a basalt altar of Yredelemnul.
  9802 | D:8      | Noticed a cyclops
  9815 | D:8      | Killed a cyclops
  9820 | D:8      | Identified the +0 storm dragon scales "Onuniluf" {Rampage
                  | rElec rCorr Str+9 Int-4}
 10071 | D:8      | Killed a cyan ugly thing
 10072 | D:8      | Reached XP level 11. HP: 74/74 MP: 11/11
 10150 | D:8      | Reached **** piety under Hepliaklqana
 10310 | D:9      | Reached skill level 15 in Crossbows
 10488 | D:9      | Noticed a two-headed ogre
 10491 | D:9      | Noticed a two-headed ogre
 10494 | D:9      | Killed a two-headed ogre
 10498 | D:9      | Killed a two-headed ogre
 10530 | D:9      | Found a staircase to the Lair.
 10681 | D:9      | Identified the +6 chain mail of the Cockatrice {+Inv Dex+6
                  | Slay-6 SInv}
 10730 | D:10     | Entered Level 10 of the Dungeon
 10927 | D:10     | Found a staircase to the Orcish Mines.
 10954 | D:10     | Noticed a two-headed ogre
 10964 | D:10     | Killed a two-headed ogre
 10965 | D:10     | Reached skill level 7 in Fighting
 11066 | D:10     | Noticed Fannar
 11087 | D:10     | Killed Fannar
 11196 | D:10     | Noticed Urug
 11312 | D:10     | You fall into a shaft and drop 2 floors!
 11490 | D:12     | Found a gate leading to a gauntlet.
 11495 | D:12     | Noticed Erolcha
 11511 | D:12     | Noticed a boulder beetle
 11517 | D:12     | Killed a boulder beetle
 11518 | D:12     | Reached skill level 8 in Fighting
 11543 | D:12     | Reached XP level 12. HP: 83/83 MP: 12/12
 11551 | Gauntlet | Entered a Gauntlet
 11551 | Gauntlet | Found a transporter.
 11560 | Gauntlet | Found a transporter.
 11576 | Gauntlet | Noticed a blizzard demon
 11577 | Gauntlet | Found a transporter.
 11580 | Gauntlet | Found a transporter.
 11582 | Gauntlet | Noticed an entropy weaver
 11598 | Gauntlet | Found a transporter.
 11610 | Gauntlet | Found a runed translucent gate.
 11611 | Gauntlet | Found a transporter.
 11611 | Gauntlet | Found a runed translucent gate.
 11615 | Gauntlet | Found a transporter.
 11619 | Gauntlet | Found a transporter.
 11621 | Gauntlet | Found a runed translucent gate.
 11638 | Gauntlet | Found a transporter.
 11638 | Gauntlet | Noticed a death drake
 11659 | Gauntlet | Found a transporter.
 11659 | Gauntlet | Found a transporter.
 11661 | Gauntlet | Found a runed translucent door.
 11663 | Gauntlet | Found a runed translucent door.
 11663 | Gauntlet | Noticed a thrashing horror
 11664 | Gauntlet | Noticed a thrashing horror
 11667 | Gauntlet | Found a transporter.
 11931 | D:11     | Noticed Grum
 11937 | D:11     | Killed Grum
 12033 | D:11     | Reached skill level 9 in Fighting
 12056 | D:11     | Reached ***** piety under Hepliaklqana
 12142 | D:11     | Noticed a boulder beetle
 12235 | D:11     | Noticed a sphinx
 12245 | D:11     | You fall into a shaft and drop 1 floor!
 12684 | D:12     | Noticed an eight-headed hydra
 13048 | Lair:1   | Entered Level 1 of the Lair of Beasts
 13215 | Lair:1   | Reached skill level 10 in Fighting
 13308 | Lair:1   | Noticed Harold
 13323 | Lair:1   | Killed Harold
 13457 | Lair:1   | Found a transporter.
 13459 | Lair:1   | Found a transporter.
 13480 | Lair:1   | Noticed samgaumpmail's ghost (journeyman TrFi)
 14285 | Lair:2   | Reached XP level 13. HP: 51/93 MP: 10/13
 14725 | Lair:2   | Reached skill level 11 in Fighting
 14837 | Lair:2   | Noticed a catoblepas
 14848 | Lair:2   | Killed a catoblepas
 15644 | Lair:3   | Noticed a seven-headed hydra
 15648 | Lair:3   | Killed a seven-headed hydra
 15842 | Lair:3   | Reached skill level 12 in Fighting
 15960 | Lair:3   | Found a staircase to the Swamp.
 16149 | Lair:3   | Noticed a fire dragon
 17155 | Lair:4   | Reached skill level 13 in Fighting
 17189 | Lair:4   | Noticed a seven-headed hydra
 17198 | Lair:4   | Killed a seven-headed hydra
 17362 | Lair:4   | Reached XP level 14. HP: 106/106 MP: 20/20
 17659 | Lair:4   | Found a hole to the Spider Nest.
 18344 | Lair:5   | Reached skill level 14 in Fighting
 18582 | Lair:5   | HP: 2/108 [poisoned by a killer bee]
 18748 | Lair:5   | Found a dark tunnel.
 18756 | Volcano  | Entered a volcano
 19741 | Lair:5   | Reached skill level 11 in Invocations
 19785 | Lair:5   | Reached skill level 15 in Fighting
 20857 | Lair:6   | Entered Level 6 of the Lair of Beasts
 21267 | Lair:6   | Reached XP level 15. HP: 108/116 MP: 23/23
 21437 | Lair:6   | Reached skill level 16 in Fighting
 21469 | Lair:6   | Noticed Sonja
 21473 | Lair:6   | Killed Sonja
 21494 | Lair:6   | Found a staircase to the Slime Pits.
 21603 | Lair:6   | Identified the +0 pair of gloves of Puraxegy {Rampage rPois
                  | Dex-3}
 21941 | Lair:6   | Reached skill level 17 in Fighting
 22713 | D:2      | Bought a ring of willpower for 325 gold pieces
 23177 | Lair:6   | Found a burning altar of Makhleb.
 23255 | Lair:6   | Noticed Kirke
 23264 | Lair:6   | Killed Kirke
 24018 | Orc:1    | Entered Level 1 of the Orcish Mines
 24060 | Orc:1    | Found Goula's Magic Scroll Boutique.
 24118 | Orc:1    | Bought a scroll of brand weapon for 320 gold pieces
 24118 | Orc:1    | Bought a scroll of identify for 32 gold pieces
 24118 | Orc:1    | Bought a scroll of brand weapon for 320 gold pieces
 24118 | Orc:1    | Bought a scroll of identify for 32 gold pieces
 24118 | Orc:1    | Bought a scroll of identify for 32 gold pieces
 24118 | Orc:1    | Bought a scroll of magic mapping for 56 gold pieces
 24260 | Orc:2    | Entered Level 2 of the Orcish Mines
 24260 | Orc:2    | Found a staircase to the Elven Halls.
 24730 | Orc:2    | Found Kuecuz's Antique Weapon Boutique.
 24832 | Orc:2    | Noticed an orc warlord
 24886 | Orc:2    | Killed an orc warlord
 24976 | Orc:2    | Found Bocuud Atog's Antique Armour Emporium.
 24985 | Orc:2    | Bought an embroidered cloak for 180 gold pieces
 25052 | Orc:2    | Reached XP level 16. HP: 113/127 MP: 24/24
 25245 | Orc:2    | Noticed Rupert
 25350 | D:10     | Killed Urug
 25830 | D:11     | You fall into a shaft and drop 3 floors!
 26352 | D:14     | Found a gate to the Vaults.
 26931 | D:14     | Reached skill level 18 in Fighting
 26948 | D:14     | Got Poz Imna's Reference Book on Cankerous Beguiling
 27109 | D:13     | Found a runed translucent gate.
 27110 | D:13     | Found a runed translucent gate.
 27111 | D:13     | Found a runed translucent gate.
 27194 | D:13     | Found Ciusteb's Armour Emporium.
 27203 | D:13     | Bought a +1 cloak of poison resistance for 202 gold pieces
 27631 | D:13     | Noticed Jorgrun
 27668 | D:13     | Found Uhef's Assorted Antiques.
 27733 | D:13     | Found Ylyciv's Jewellery Shop.
 27962 | D:13     | Found Tudgh's Book Boutique.
 28355 | D:15     | Entered Level 15 of the Dungeon
 28913 | D:12     | Found a portal to a secret trove of treasure.
 29128 | D:12     | Found a hazy altar of Hepliaklqana.
 29312 | D:12     | Killed Erolcha
 29374 | D:11     | Killed a sphinx
 29584 | Lair:2   | Identified the +1 leather armour "Ycodud" {Rampage Fly}
 29665 | Spider:1 | Entered Level 1 of the Spider Nest
 29695 | Spider:1 | Noticed an emperor scorpion
 29704 | Spider:1 | Killed an emperor scorpion
 29790 | Lair:4   | Learned a level 2 spell: Wereblood
 30475 | Spider:1 | Reached XP level 17. HP: 135/135 MP: 25/25
 31487 | D:15     | Reached skill level 11 in Earth Magic
 31661 | D:15     | Noticed Josephine
 31664 | D:15     | Killed Josephine
 31665 | D:15     | Reached skill level 19 in Fighting
 31780 | D:15     | Found a staircase to the Depths.
 32115 | D:15     | Got A Primer on Spellweaving
 32901 | Swamp:1  | Entered Level 1 of the Swamp
 32990 | Swamp:1  | Identified a scroll of acquirement
 33561 | Swamp:1  | Acquired a +3 vorpal triple crossbow
 33600 | Swamp:1  | Reached skill level 20 in Fighting
 34595 | Swamp:2  | Constricted to death by a shambling mangrove

Illustrated notes

Levels and vault maps discovered:
D:1:      saegor_arrival_simple_e, layout_basic,
          hellmonk_ecumenical_altar_blasted, serial_bayou_lagoon_b
D:2:      layout_basic, serial_shops, shop, nicolae_shop_waterfront,
          nicolae_shop_statue_plus, serial_bayou, serial_bayou_pond_d,
          serial_bayou_shore_b, serial_bayou_pond_d, serial_bayou_crossing,
          minmay_tiny_reverse_x, uniq_terence
D:3:      layout_rooms, uniq_grinder, uniq_sigmund, uniq_jessica, uniq_robin
D:4:      layout_gridville, kennysheep_mini_moat, minmay_temple_entry_arrows,
          uniq_ijyb
D:5:      layout_basic, lemuel_doored_altar, kennysheep_generic_room_9
D:6:      layout_basic, mainiacjoe_overflow_catwalk,
          nicolae_overflow_quartered_altars, cheibrodos_sewer_entry_bend,
          serial_shops, kennysheep_mini
D:7:      layout_basic, mainiacjoe_overflow_surrounded_room,
          gammafunk_ghost_nasty_kobolds
D:8:      layout_loops_cross, corexii_corridor_pit, grunt_decor_cap,
          minmay_pinched_square
D:9:      layout_basic, mainiacjoe_overflow_concentric_impassable,
          david_lair_shrubbed, minmay_fractal_squares_gapless_5
D:10:     layout_rooms, david_orc_2, chequers_serial_rivers_small_b,
          uniq_fannar, uniq_urug
D:11:     layout_gridville, minmay_three_doors, uniq_grum
D:12:     layout_basic, gauntlet_entry_generic, nicolae_trove_entry_crossroad,
          hangedman_decor_peaks_small, nzn_hepliaklqana_mist_gate, uniq_erolcha
D:13:     layout_loops_corners, serial_shops, nicolae_shop_statue_plus,
          nicolae_stop_n_shop_2, nicolae_diamond_shop, shop,
          ploomutoo_gammafunk_ghost_potion_laboratory, uniq_jorgrun
D:14:     cheibrodos_lost_city_excavation, layout_loops_ring, erik_vaults_1,
          chequers_avenue
D:15:     gammafunk_depths_entry_grave, layout_loops_cross,
          amcnicky_mini_rare_corridor_liquid, uniq_josephine
Temple:   dshaligram_water_room_temple
Lair:1:   layout_cave_pods, gammafunk_ghost_hive, beast_lair_carwin_4,
          grunt_megastairs_2, uniq_harold
Lair:2:   layout_regular_city, beast_lair_carwin_11, grunt_megastairs_1
Lair:3:   dragon1_lemuel, layout_hall_layers, swamp_mist
Lair:4:   layout_loops_ring, hellmonk_spider_entry_not_the_bees,
          cheibrodos_lair_reptile_den, lemuel_fruit_tree,
          infiniplex_staircase_pool_2, serial_bayou_shore_b,
          serial_bayou_shore_a
Lair:5:   regret_index_bee_streams, layout_small_grid,
          nicolae_volcano_entry_hallway, special_room [special_room_bee],
          grunt_megastairs_4
Lair:6:   evil_forest, layout_layer_cave, dpeg_slime_entry_corner, uniq_kirke,
          uniq_sonja
Swamp:1:  layout_falls_marsh, evilmike_swamp_ruin_rubble_1, swamp_pool1,
          nicolae_swamp_fairy_circle, st_swamp_ruins_4
Swamp:2:  layout_basic_swamp, portal_ice_cave_entry_pillars_1,
          evilmike_swamp_ruin_house_1, swamp_pool5, infiniplex_staircase_pool
Spider:1: layout_spider_delve
Orc:1:    layout_caves, serial_shops, nicolae_shop_crystal
Orc:2:    grunt_orc_gardens, layout_caves, grunt_orc_garden, grunt_orc_garden,
          grunt_orc_garden, grunt_orc_garden, uniq_rupert

Skill      XL: |  1  2  3  4  5  6  7  8  9 10 11 12 13 14 15 16 17 |
---------------+----------------------------------------------------+-----
Dodging        | 2 6 7 |  7.0
Stealth        | 2 3 4 |  4.0
Crossbows      | 5 6 7 8 9 11 14 16 | 16.4
Fighting       | 3 6 8 10 13 15 17 18 20 | 20.0
Armour         | 4 6 |  6.0
Invocations    | 8 11 | 11.0
Spellcasting   | 3 |  3.0
Evocations     | 5 |  5.0
Transmutations | 4 9 10 | 10.0
Earth Magic    | 5 9 11 | 11.0

Action                   |  1- 3 |  4- 6 |  7- 9 | 10-12 | 13-15 | 16-18 || total
-------------------------+-------+-------+-------+-------+-------+-------++-------
 Fire: Hand crossbow     |    72 |   109 |   250 |   124 |       |       ||   555
       Arbalest          |       |       |       |   345 |   890 |   551 ||  1786
       Triple crossbow   |       |       |       |       |       |    41 ||    41
Invok: Ancestor Life: Kn |       |       |     1 |       |       |       ||     1
       Recall Ancestor   |       |       |     1 |     7 |     6 |    10 ||    24
       Idealise          |       |       |       |     1 |     8 |     4 ||    13
       Transference      |       |       |       |     1 |     2 |     3 ||     6
 Abil: Dig               |     1 |       |     2 |       |       |     3 ||     6
       Shaft Self        |       |       |       |     3 |       |     1 ||     4
Evoke: Wand              |       |     3 |     7 |     9 |     6 |       ||    25
  Use: Scroll            |     2 |     2 |    15 |     6 |    12 |    11 ||    48
       Potion            |       |       |       |       |     8 |    10 ||    18
Armor: Leather armour    |     6 |     7 |    14 |     3 |    13 |    30 ||    73
       Robe              |       |       |       |    12 |    16 |       ||    28
Dodge: Dodged            |    14 |    25 |    50 |    73 |   203 |   107 ||   472
Block: Buckler           |       |       |       |       |       |    47 ||    47

Table legend: (Time is in decaauts)
 A = Elapsed time spent in this place.
 B = Non-inter-level travel time spent in this place.
 C = Inter-level travel time spent in this place.
 D = Time resting spent in this place.
 E = Time spent auto-exploring this place.
 F = Levels seen in this place.
 G = Mean time per level.
                   A        B        C        D        E       F      G
               +--------+--------+--------+--------+--------+-----+--------+
         Total |  34987 |  30936 |   4051 |   7004 |  17764 |  30 | 1166.2 |
       Dungeon |  18139 |  16147 |   1992 |   2845 |  10133 |  15 | 1209.3 |
        Temple |     32 |     10 |     22 |      0 |      2 |   1 |   32.0 |
          Lair |  10950 |   9124 |   1826 |   1906 |   5514 |   6 | 1825.0 |
         Swamp |   1730 |   1692 |     38 |    785 |    695 |   2 |  865.0 |
   Spider Nest |    855 |    803 |     52 |    130 |    434 |   1 |  855.0 |
  Orcish Mines |   1281 |   1162 |    119 |    388 |    488 |   2 |  640.5 |
         Sewer |   1109 |   1109 |      0 |    527 |    233 |   1 | 1109.0 |
       Volcano |    719 |    719 |      0 |    423 |    136 |   1 |  719.0 |
      Gauntlet |    167 |    167 |      0 |      0 |    127 |   1 |  167.0 |
               +--------+--------+--------+--------+--------+-----+--------+

Top non-repeatable levels by time:
  Lair:5: 2498 daAuts
  Lair:6: 2175 daAuts
  Lair:4: 2060 daAuts
     D:4: 1874 daAuts
  Lair:2: 1696 daAuts
 Swamp:1: 1690 daAuts
    D:13: 1641 daAuts
     D:2: 1618 daAuts
    D:12: 1527 daAuts
    D:15: 1412 daAuts
  Lair:3: 1387 daAuts
    D:14: 1261 daAuts
  Lair:1: 1131 daAuts
     D:5: 1117 daAuts
   Sewer: 1109 daAuts
